 Dungeon Crawl Stone Soup version 0.28.0-49-g6dfe1f597d (webtiles) character file.

Game seed: 15214103518391274237

33 GigaChad the Covered (level 3, -4/33 HPs)
             Began as a Minotaur Fighter on May 11, 2022.
             Succumbed to a goblin's poison
             ... on level 2 of the Dungeon.
             The game lasted 00:03:11 (1533 turns).

GigaChad the Covered (Minotaur Fighter)             Turns: 1533, Time: 00:03:12

Health: -4/33      AC:  7    Str: 20    XL:     3   Next: 12%
Magic:  2/2        EV:  9    Int:  5    God:
Gold:   133        SH:  0    Dex: 11    Spells: 2/2 levels left

rFire   . . .      SeeInvis .   a - +0 long sword
rCold   . . .      Faith    .   c - +0 buckler
rNeg    . . .      Spirit   .   b - +0 scale mail
rPois   .          Reflect  .   (helmet restricted)
rElec   .          Harm     .   (no cloak)
rCorr   .          Rampage  .   (no gloves)
Will    .....                   (no boots)
Stlth   ..........              (no amulet)
HPRegen 0.11/turn               (no ring)
MPRegen 0.08/turn               (no ring)

@: confused, lethally poisoned (-4 -> -24)
A: horns 2, retaliatory headbutt
a: no special abilities


You were on level 2 of the Dungeon.
You visited 1 branch of the dungeon, and saw 2 of its levels.

You collected 133 gold pieces.

Inventory:

Hand Weapons
 a - a +0 long sword (weapon)
Armour
 b - a +0 scale mail (worn)
 c - a +0 buckler (worn)
Jewellery
 f - a ring of resist corrosion
Scrolls
 e - a scroll of fog {unknown}
 g - a scroll of immolation {unknown}
Potions
 d - a potion of might
 h - a potion of resistance {unknown}


   Skills:
 + Level 3.8 Fighting
 + Level 2.9 Long Blades
 + Level 4.4 Armour
 + Level 0.1 Dodging
 + Level 3.9 Shields


You had 2 spell levels left.
You didn't know any spells.
Your spell library contained the following spells:

 Spells                   Type           Power      Damage    Failure   Level
 Sandblast                Erth           0%         2d4       88%         1
 Passwall                 Tmut/Erth      0%         N/A       96%         2
 Stone Arrow              Conj/Erth      0%         3d7       99%         3


Dungeon Overview and Level Annotations

Branches:
Dungeon (2/15)

Altars:
Uskayaw

Shops:
D:1 ![[

Annotations:
D:2 Robin


Innate Abilities, Weirdness & Mutations

You have a pair of horns on your head.
You reflexively headbutt those who attack you in melee.


Message History

You slash the goblin!
You kill the goblin!
You feel very sick.
The goblin hits you with a +0 dagger of venom.
You are more poisoned.
You block the goblin's attack.
You hit the goblin.
You kill the goblin!
You feel very sick. The goblin closely misses you.
Robin hits you from afar with a +0 trident.
You feel very sick. Robin barely misses you.
Items here: ))))) †††.
You slash Robin!
Robin is heavily wounded.
You feel very sick.
The hobgoblin no longer looks unusually strong.
The goblin hits you with a +0 dagger of venom.
You are lethally poisoned!
You block Robin's attack.
You barely miss Robin.
Robin is heavily wounded.
* * * LOW HITPOINT WARNING * * *
You feel very sick.
The goblin no longer looks unusually strong.
The goblin hits you with a +0 dagger of venom.
* * * LOW HITPOINT WARNING * * *
You are more poisoned.
Robin hits you with a +0 trident.
* * * LOW HITPOINT WARNING * * *
You block the goblin's attack.
Uskayaw drives the goblin into a dance frenzy!
The goblin goes berserk!
The divine experience confuses you!
You are confused.
Unknown command.
Unknown command.
You slash the goblin!
You kill the goblin!
You die...

#.######..######..........#
#.# #..........#....##.#
#.######.#######.###...# .#
#........# #.# ###.# .#
########## #.# ..# .# #.#
.## .. #.# # #)# .# ####
#@# #.## ##...##g###....
......ggg....#
##....Jg.....#
#####...#.#.# ##.#..# ..
#.#.## #...# #'.##


You could see Robin, an endoplasm, 2 hobgoblins and 2 goblins.

Vanquished Creatures
  2 ball pythons
  3 endoplasms
  8 goblins (D:2)
  2 hobgoblins (D:2)
  3 jackals (D:2)
  5 kobolds (D:1)
  A quokka (D:1)
  2 frilled lizards (D:1)
  5 rats
31 creatures vanquished.

Notes
Turn   | Place    | Note
-------+----------+-------------------------------------------
     0 | D:1      | GigaChad the Minotaur Fighter began the quest for the Orb.
     0 | D:1      | Reached XP level 1. HP: 19/19 MP: 0/0
   162 | D:1      | Found Weiririu's Antique Armour Boutique.
   186 | D:1      | Reached skill level 4 in Armour
   223 | D:1      | Found Taischo's Antique Armour Emporium.
   290 | D:1      | Reached XP level 2. HP: 26/27 MP: 1/1
   299 | D:1      | Found a faded altar of an unknown god.
   321 | D:1      | Prayed at the altar of an unknown god.
   321 | D:1      | Became a worshipper of Uskayaw the Reveller
   321 | D:1      | Reached * piety under Uskayaw
   322 | D:1      | Fell from the grace of Uskayaw
   496 | D:1      | Found Juipp's Distillery.
  1509 | D:2      | Noticed Robin
  1523 | D:2      | Reached XP level 3. HP: 33/33 MP: 2/2
  1533 | D:2      | Succumbed to a goblin's poison

Illustrated notes

Levels and vault maps discovered:
D:1:      co_arrival_random_square_maze, layout_basic, serial_shops, shop,
          nicolae_shop_stone, nicolae_shop_advertising_works
          [nicolae_subvault_shop_adworks],
          chequers_ecumenical_altar_simple_redux, hex_large
D:2:      layout_loops_corners, serial_park_tiny_1, uniq_robin

Skill      XL: |  1 |
---------------+----+-----
Armour         | 4 |  4.4
Fighting       | |  3.8
Long Blades    | |  2.9
Dodging        | |  0.1
Shields        | |  3.9

Action                   || total
-------------------------++-------
Melee: Long sword        ||    60
       Headbutt          ||     5
Invok: Renounce Religion ||     1
Armor: Scale mail        ||    36
Dodge: Dodged            ||    37
Block: Buckler           ||    16
